 Dungeon Crawl Stone Soup version 0.32-a0-40-g2adb59ae06 (webtiles) character file.

Game seed: 17233823822053843528

235 Darkkill the Shooter (level 5, -2/46 HPs)
             Began as a Minotaur Hunter on Jan 24, 2024.
             Slain by a yak (13 damage)
             ... on level 4 of the Dungeon.
             The game lasted 00:03:42 (2498 turns).

Darkkill the Shooter (Minotaur Hunter)              Turns: 2498, Time: 00:03:43

Health: -2/46      AC:  4    Str: 15    XL:     5   Next: 76%
Magic:  4/4        EV: 13    Int:  6    God:
Gold:   66         SH:  0    Dex: 16    Spells: 4/4 levels left

rFire   . . .        a - +0 shortbow
rCold   . . .        (shield currently unavailable)
rNeg    . . .        c - +1 leather armour
rPois   .            (helmet restricted)
rElec   .            (no cloak)
rCorr   .            (no gloves)
SInv    .            (no boots)
Will    .....        (no amulet)
Stlth   ++           (no ring)
HPRegen 0.27/turn    (no ring)
MPRegen 0.09/turn

%: no passive effects
@: about to teleport
A: horns 2, retaliatory headbutt
a: no special abilities


You were on level 4 of the Dungeon.
You visited 1 branch of the dungeon, and saw 4 of its levels.

You collected 141 gold pieces.
You spent 75 gold pieces at shops.

Inventory:

Hand Weapons
 a - a +0 shortbow (weapon)
Missiles
 d - 46 stones
Armour
 c - a +1 leather armour (worn)
Magical Staves
 h - a staff of death
Jewellery
 l - a ring of wizardry
Wands
 g - a wand of flame (27)
 q - a wand of mindburst (10)
Scrolls
 b - a scroll of butterflies
 e - a scroll of enchant armour
 i - a scroll of enchant weapon
Potions
 f - 2 potions of curing {@q1}
 k - a potion of lignification
 m - a potion of resistance {unknown}


   Skills:
 + Level 4.2 Fighting
 + Level 5.4 Ranged Weapons
 + Level 3.7 Dodging
 + Level 2.6 Stealth


You had 4 spell levels left.
You didn't know any spells.
Your spell library was empty.

Dungeon Overview and Level Annotations

Branches:
Dungeon (4/15)
 Temple: D:4-7

Altars:
Cheibriados
Xom

Shops:
D:4 ??


Innate Abilities, Weirdness & Mutations

You have a pair of horns on your head.
You reflexively headbutt those who attack you in melee.


Message History

d - 44 stones (gained 6)
You open the door.
There is an open door here.
Found a stone staircase leading up.
No target in view!
d - 46 stones (gained 2)
Found a robe.
No target in view!
You open the door.
There is an open door here.
Found a stone staircase leading up.
No target in view!
Found Ecsoluej's Magic Scroll Shop.
No target in view!
A giant cockroach comes into view.
Your line of fire to the giant cockroach is blocked by a granite statue.
A giant cockroach is nearby!
Your line of fire to the giant cockroach is blocked by a granite statue.
A giant cockroach is nearby!
Your line of fire to the giant cockroach is blocked by a granite statue.
A giant cockroach is nearby!
A dart slug comes into view.
The dart slug launches a dart at you.
The slug dart hits you but does no damage.
Found 11 gold pieces.
The dart slug launches a dart at you. The slug dart hits you.
A dart slug is nearby!
You shoot an arrow. The arrow hits the dart slug!
The dart slug is severely wounded.
You shoot an arrow. The arrow hits the dart slug.
You kill the dart slug!
You see here a dart slug corpse.
Your line of fire to the giant cockroach is blocked by a granite statue.
A giant cockroach is nearby!
Your line of fire to the giant cockroach is blocked by a granite statue.
A giant cockroach is nearby!
Your line of fire to the giant cockroach is blocked by a granite statue.
A giant cockroach is nearby!
You see here 11 gold pieces.
You shoot an arrow.
The arrow hits the giant cockroach but does no damage.
The giant cockroach closely misses you.
The giant cockroach bites you but does no damage.
You shoot an arrow.
The arrow hits the giant cockroach but does no damage.
The giant cockroach closely misses you. You furiously retaliate!
You headbutt the giant cockroach. You shoot an arrow.
The arrow hits the giant cockroach but does no damage.
The giant cockroach is severely wounded.
The giant cockroach barely misses you. You furiously retaliate!
You headbutt the giant cockroach.
You kill the giant cockroach!
You see here a giant cockroach corpse.
There is an entrance to Ecsoluej's Magic Scroll Shop here.
You see here a giant cockroach corpse.
You now have 66 gold pieces (gained 11).
You see here a dart slug corpse.
As you open the door, it creaks loudly!
No target in view!
No target in view!
There is an open door here.
Found an escape hatch in the floor.
A yak comes into view.
The yak bellows!
You hear a bellow!
A yak comes into view. x2
You shoot an arrow. The arrow hits the yak.
The yak is lightly wounded.
There are monsters nearby!
You shoot an arrow. The arrow hits the yak.
The yak is lightly wounded.
You shoot an arrow. The arrow hits the yak!
The yak is moderately wounded.
There are monsters nearby!
You shoot an arrow. The arrow hits the yak!
The yak is heavily wounded.
You shoot an arrow. The arrow barely misses the yak.
You shoot an arrow. The arrow hits the yak.
The yak is heavily wounded.
The yak gores you but does no damage. The yak misses you.
You shoot an arrow. The arrow hits the yak.
The yak is severely wounded.
The yak gores you! x2
You are too injured to fight recklessly!
You are too injured to fight recklessly!
You are too injured to fight recklessly!
You are too injured to fight recklessly!
You are too injured to fight recklessly!
You are too injured to fight recklessly!
You are too injured to fight recklessly!
You are too injured to fight recklessly!
You are too injured to fight recklessly!
You are too injured to fight recklessly!
You are too injured to fight recklessly!
As you read the scroll of teleportation, it crumbles to dust.
You feel strangely unstable. The yak gores you!
* * * LOW HITPOINT WARNING * * *
The yak gores you!
You die...

.#####........# ##
####.##..# # #.##..# #
#.##..# ## #.....# .##
####.##### ..##
#........# ...##
##.##.###.#
..<.####...#..##@#
....'...........YYY.....
....####...#..##.#####..
..†######.##.###.#
..#...###..... ..#
.##.....####.#####
##..8†8..# # #...∩...#
#..8.8..#


You could see 3 yaks.

Vanquished Creatures
  A scorpion (D:4)
  Jessica (D:2)
  Terence (D:3)
  Robin (D:3)
  5 adders
  A dart slug (D:4)
  A ribbon worm (D:2)
  3 bats
  2 endoplasms
  3 giant cockroaches
  19 goblins
  5 hobgoblins
  6 jackals
  4 kobolds
  A quokka (D:2)
  3 ball pythons
  6 frilled lizards
  4 rats (D:1)
67 creatures vanquished.

Notes
Turn   | Place    | Note
-------+----------+-------------------------------------------
     0 | D:1      | Darkkill the Minotaur Hunter began the quest for the Orb.
     0 | D:1      | Reached XP level 1. HP: 18/18 MP: 0/0
   146 | D:1      | Reached skill level 1 in Stealth
   247 | D:1      | Reached XP level 2. HP: 25/25 MP: 1/1
  1064 | D:2      | Reached XP level 3. HP: 8/31 MP: 2/2
  1285 | D:2      | Noticed Jessica
  1289 | D:2      | Killed Jessica
  1290 | D:2      | Reached XP level 4. HP: 16/38 MP: 3/3
  1401 | D:2      | Reached skill level 5 in Ranged Weapons
  1667 | D:3      | Found a shimmering altar of Xom.
  1741 | D:3      | Noticed Robin
  1753 | D:3      | Killed Robin
  1858 | D:3      | Found a snail-covered altar of Cheibriados.
  1930 | D:3      | Reached XP level 5. HP: 46/46 MP: 4/4
  1986 | D:3      | Noticed Terence
  2002 | D:3      | Killed Terence
  2250 | D:4      | Found Uromiyp's Magic Scroll Boutique.
  2253 | D:4      | Bought a scroll of enchant weapon for 75 gold pieces
  2426 | D:4      | Found Ecsoluej's Magic Scroll Shop.
  2490 | D:4      | Noticed a yak
  2490 | D:4      | Noticed a yak
  2490 | D:4      | Noticed a yak
  2498 | D:4      | Slain by a yak

Illustrated notes

Levels and vault maps discovered:
D:1:      dpeg_arrival_chambers_temple_mockup, layout_loops_corners,
          minmay_tromino_v7
D:2:      layout_rooms, uniq_jessica
D:3:      layout_basic, nicolae_overflow_crystal_walls,
          mainiacjoe_overflow_catwalk, uniq_terence, uniq_robin
D:4:      layout_loops_corners, serial_shops, shop, kennysheep_small_circle

Skill      XL: |  1  2  3  4  5 |
---------------+----------------+-----
Stealth        | 1 2 |  2.6
Fighting       | 3 4 |  4.2
Dodging        | 3 |  3.7
Ranged Weapons | 5 |  5.4

Action                     |  1- 3 |  4- 6 || total
---------------------------+-------+-------++-------
   Fire: Shortbow          |   103 |   100 ||   203
    Use: Scroll            |     3 |     7 ||    10
 Armour: Leather armour    |    36 |    30 ||    66
  Dodge: Dodged            |    28 |    33 ||    61

Table legend: (Time is in decaauts)
 A = Elapsed time spent in this place.
 B = Non-inter-level travel time spent in this place.
 C = Inter-level travel time spent in this place.
 D = Time resting spent in this place.
 E = Time spent auto-exploring this place.
 F = Levels seen in this place.
 G = Mean time per level.
                   A        B        C        D        E       F      G
               +--------+--------+--------+--------+--------+-----+--------+
         Total |   2541 |   2473 |     68 |     30 |   2045 |   4 |  635.2 |
       Dungeon |   2541 |   2473 |     68 |     30 |   2045 |   4 |  635.2 |
               +--------+--------+--------+--------+--------+-----+--------+

Top non-repeatable levels by time:
     D:1: 1059 daAuts
     D:3: 637 daAuts
     D:2: 592 daAuts
     D:4: 252 daAuts

Levels and vault maps discovered:
D:1:      dpeg_arrival_chambers_temple_mockup, layout_loops_corners,
          minmay_tromino_v7
D:2:      layout_rooms, uniq_jessica
D:3:      layout_basic, nicolae_overflow_crystal_walls,
          mainiacjoe_overflow_catwalk, uniq_terence, uniq_robin
D:4:      layout_loops_corners, serial_shops, shop, kennysheep_small_circle

Table legend: (Time is in decaauts)
 A = Elapsed time spent in this place.
 B = Non-inter-level travel time spent in this place.
 C = Inter-level travel time spent in this place.
 D = Time resting spent in this place.
 E = Time spent auto-exploring this place.
 F = Levels seen in this place.
 G = Mean time per level.
                   A        B        C        D        E       F      G
               +--------+--------+--------+--------+--------+-----+--------+
         Total |   2541 |   2473 |     68 |     30 |   2045 |   4 |  635.2 |
       Dungeon |   2541 |   2473 |     68 |     30 |   2045 |   4 |  635.2 |
               +--------+--------+--------+--------+--------+-----+--------+

Top non-repeatable levels by time:
     D:1: 1059 daAuts
     D:3: 637 daAuts
     D:2: 592 daAuts
     D:4: 252 daAuts

Table legend:
 A = Kills in this place as a percentage of kills in the entire game.
 B = Kills by you in this place as a percentage of kills by you in the entire game.
 C = Kills by friends in this place as a percentage of kills by friends in the entire game.
 D = Other kills in this place as a percentage of other kills in the entire game.
 E = Experience gained in this place as a percentage of experience gained in the entire game.
 F = Experience gained in this place divided by the number of levels of this place that you have seen.
                   A       B       C       D       E      F
               +-------+-------+-------+-------+-------+----------------------
         Total | 100.0 | 100.0 |   N/A |   N/A | 100.0 |  84.0
       Dungeon | 100.0 | 100.0 |   N/A |   N/A | 100.0 |  84.0
               +-------+-------+-------+-------+-------+----------------------
